 Dungeon Crawl Stone Soup version 0.29-a0-72-g1732ff48e7 (webtiles) character file.

Game seed: 11321069359622755477

781 timneilson the Shield-Bearer (level 7, -10/44 HPs)
             Began as a Gargoyle Fighter on Feb 4, 2022.
             Was an Initiate of Okawaru.
             Mangled by Prince Ribbit (15 damage)
             ... on level 5 of the Dungeon.
             The game lasted 00:08:29 (5655 turns).

timneilson the Shield-Bearer (Gargoyle Fighter)     Turns: 5655, Time: 00:08:30

Health: -10/44     AC: 12    Str: 22    XL:     7   Next: 85%
Magic:  7/7        EV: 10    Int:  8    God:    Okawaru [......]
Gold:   174        SH:  6    Dex:  9    Spells: 6/6 levels left

rFire   . . .      SeeInvis .   a - +0 long sword
rCold   . . .      Faith    .   c - +1 buckler
rNeg    + . .      Spirit   .   b - +0 scale mail
rPois   ∞          Reflect  .   (no helmet)
rElec   +          Harm     .   (no cloak)
rCorr   .          Rampage  .   (no gloves)
Will    .....                   (no boots)
Stlth   ..........              (no amulet)
HPRegen 0.14/turn               (no ring)
MPRegen 0.10/turn               (no ring)

@: no status effects
A: sickness immunity, AC +4, negative energy resistance 1, electricity
resistance, torment resistance 1, petrification resistance
a: Renounce Religion


You were on level 5 of the Dungeon.
You worshipped Okawaru.
Okawaru was noncommittal.
You visited 2 branches of the dungeon, and saw 6 of its levels.
You also visited: Sewer.

You collected 174 gold pieces.

Inventory:

Hand Weapons
 a - a +0 long sword (weapon)
Armour
 b - a +0 scale mail (worn)
 c - a +1 buckler (worn)
 e - a +0 plate armour
Wands
 l - a wand of flame (16)
 o - a wand of polymorph (13)
Scrolls
 h - a scroll of fog
 p - a scroll of vulnerability {unknown}
Potions
 d - 2 potions of might
 f - a potion of resistance
 g - a potion of haste
 j - a potion of lignification
 k - a potion of mutation {unknown}
 m - a potion of cancellation {unknown}
 n - a potion of heal wounds {unknown}


   Skills:
 + Level 4.5 Fighting
 * Level 4.1 Long Blades
 * Level 5.5 Armour
 + Level 2.0 Dodging
 * Level 5.5 Shields
 + Level 0.8 Invocations
 + Level 1.1 Evocations


You had 6 spell levels left.
You didn't know any spells.
Your spell library contained the following spells:

 Spells                   Type           Power      Damage    Failure   Level
 Pain                     Necr           0%         1d4       80%         1
 Portal Projectile        Hex/Tloc       0%         N/A       99%         3
 Vampiric Draining        Necr           0%         2d6       99%         3
 Leda's Liquefaction      Hex/Erth       0%         N/A       100%        4
 Blade Hands              Tmut           0%         N/A       100%        5
 Excruciating Wounds      Necr           0%         N/A       100%        5
 Lee's Rapid Deconstruct  Erth           0%         3d5*      100%        5
 Animate Skeleton         Necr           Unusable   N/A       N/A         1
 Statue Form              Tmut/Erth      Unusable   N/A       N/A         6

Dungeon Overview and Level Annotations

Branches:
Dungeon (5/15)             Temple (1/1) D:4           Sewer (visited)

Altars:
Fedhas
Gozag
Kikubaaqudgha
Makhleb
Nemelex Xobeh
Okawaru
Qazlal
Ru
Trog
Wu Jian

Shops:
D:4 (

Annotations:
D:5 Prince Ribbit


Innate Abilities, Weirdness & Mutations

You are immune to sickness and miasma.
Your stone body is resilient. (AC +4)
You are immune to poison.
You resist negative energy. (rN+)
You are resistant to electric shocks. (rElec)
You are resistant to unholy torment.
You are immune to petrification.


Message History

You slash Prince Ribbit!
Prince Ribbit is moderately wounded.
Prince Ribbit hits you!
You slash Prince Ribbit!
Prince Ribbit is heavily wounded.
Prince Ribbit lets out a mournful croak.
Prince Ribbit hits you!
Prince Ribbit blinks!
Prince Ribbit blinks!
You miss Prince Ribbit.
Prince Ribbit is heavily wounded.
Prince Ribbit closely misses you.
You miss Prince Ribbit.
Prince Ribbit is heavily wounded.
You block Prince Ribbit's attack. Prince Ribbit closely misses you.
You miss Prince Ribbit.
Prince Ribbit is heavily wounded.
Prince Ribbit hits you.
* * * LOW HITPOINT WARNING * * *
Prince Ribbit barely misses you.
You barely miss Prince Ribbit.
Prince Ribbit is heavily wounded.
Prince Ribbit blinks!
You closely miss Prince Ribbit.
Prince Ribbit is heavily wounded.
Prince Ribbit hits you.
* * * LOW HITPOINT WARNING * * *
You feel better. You block Prince Ribbit's attack. Prince Ribbit hits you!
* * * LOW HITPOINT WARNING * * *
You barely miss Prince Ribbit.
Prince Ribbit is heavily wounded.
You block Prince Ribbit's attack.
Prince Ribbit hits you but does no damage.
You barely miss Prince Ribbit.
Prince Ribbit is moderately wounded.
Prince Ribbit closely misses you.
You barely miss Prince Ribbit.
Prince Ribbit is moderately wounded.
Prince Ribbit hits you but does no damage.
Prince Ribbit hits you!
You die...

#...# #...# #...####
#...##.####
####.........#
###.......<....#
...............#
###...........#
#.#...@.....# #
#....#F.....#
##8##8##..###......#
.......'.####......#
##8##8##......######
##########.....##
#.>.....##.....#
##.......##
#.####..##....#


You could see Prince Ribbit.

Vanquished Creatures
  An ogre (D:4)
  2 bullfrogs (Sewer)
  2 scorpions
  2 orc priests (D:3)
  2 jellies
  An iguana (D:4)
  A bullfrog skeleton (D:4)
  2 orc wizards (D:4)
  7 adders
  A river rat (D:3)
  A shadow imp (D:4)
  An adder skeleton (D:2)
  5 dart slugs
  2 worms
  9 orcs
  16 endoplasms
  15 giant cockroaches
  7 hobgoblins
  14 quokkas
  14 ball pythons
  6 bats
  9 frilled lizards
  7 goblins
  6 kobolds
  A quokka skeleton (D:2)
  6 rats
140 creatures vanquished.

Vanquished Creatures (others)
  2 withered plants (D:2)
2 creatures vanquished.

Grand Total: 142 creatures vanquished

Notes
Turn   | Place    | Note
-------+----------+-------------------------------------------
     0 | D:1      | timneilson the Gargoyle Fighter began the quest for the
                  | Orb.
     0 | D:1      | Reached XP level 1. HP: 14/14 MP: 1/1
    51 | D:1      | Reached XP level 2. HP: 19/19 MP: 2/2
   272 | D:1      | Found a faded altar of an unknown god.
   506 | D:1      | Reached XP level 3. HP: 18/23 MP: 3/3
   815 | D:2      | Identified the +3 spear "Uwan Syk" {freeze, Drain rElec
                  | Int+2}
  1070 | D:2      | Reached XP level 4. HP: 24/28 MP: 4/4
  1687 | D:3      | Reached skill level 1 in Dodging
  2041 | D:3      | Reached XP level 5. HP: 27/33 MP: 5/5
  2161 | D:3      | Found a glowing drain.
  2194 | Sewer    | Entered a sewer
  3253 | Sewer    | Reached XP level 6. HP: 25/38 MP: 6/6
  3834 | D:3      | Reached skill level 5 in Armour
  3834 | D:3      | Reached XP level 7. HP: 23/43 MP: 7/7
  3837 | D:3      | Reached skill level 5 in Shields
  4430 | D:4      | Found Biluach's Antique Weapon Boutique.
  4557 | D:4      | Found a staircase to the Ecumenical Temple.
  4563 | Temple   | Entered the Ecumenical Temple
  4599 | Temple   | Became a worshipper of Warmaster Okawaru
  4859 | D:4      | Found a blossoming altar of Fedhas.
  5268 | D:5      | Entered Level 5 of the Dungeon
  5278 | D:4      | Reached skill level 1 in Evocations
  5488 | D:5      | Noticed Prince Ribbit
  5655 | D:5      | Mangled by Prince Ribbit

Illustrated notes

Levels and vault maps discovered:
D:1:      co_arrival_square_in_a_square_in_a_square, layout_rooms,
          shapermc_ecumenical_altar_ellora
D:2:      layout_loops_cross, serial_undead, serial_undead_f, serial_undead_f,
          serial_undead_a, serial_undead_c, serial_undead_c, serial_undead_c,
          kennysheep_nub
D:3:      layout_rooms, portal_sewer_entry_b
D:4:      layout_cave_pods, fedhas_altar_4, minmay_temple_entry_hall,
          serial_shops, kennysheep_little_box, hangedman_decor_clover_reticule
D:5:      layout_rooms, nicolae_ashenzari_skybound, serial_bayou_pond_d,
          columned_hall_lemuel, skrybe_limestone_x, dk_noncrumbling_2,
          hangedman_abyss_or_decor_stabs, uniq_prince_ribbit1
Temple:   jpeg_temple_island

Skill      XL: |  1  2  3  4  5  6  7 |
---------------+----------------------+-----
Long Blades    | 2 3 4 |  4.1
Armour         | 4 5 |  5.5
Shields        | 4 5 |  5.5
Dodging        | 1 2 |  2.0
Fighting       | 4 |  4.5
Evocations     | 1 |  1.1
Invocations    | |  0.8

Action                   |  1- 3 |  4- 6 |  7- 9 || total
-------------------------+-------+-------+-------++-------
Melee: Long sword        |    94 |   340 |   109 ||   543
  Use: Scroll            |     2 |     6 |     2 ||    10
       Potion            |       |       |     1 ||     1
Armor: Scale mail        |    52 |   245 |    39 ||   336
Dodge: Dodged            |    48 |   224 |    44 ||   316
Block: Buckler           |    36 |   131 |    30 ||   197

Table legend: (Time is in decaauts)
 A = Elapsed time spent in this place.
 B = Non-inter-level travel time spent in this place.
 C = Inter-level travel time spent in this place.
 D = Time resting spent in this place.
 E = Time spent auto-exploring this place.
 F = Levels seen in this place.
 G = Mean time per level.
                   A        B        C        D        E       F      G
               +--------+--------+--------+--------+--------+-----+--------+
         Total |   5912 |   5824 |     88 |    396 |   3980 |   7 |  844.6 |
       Dungeon |   4265 |   4201 |     64 |    396 |   2768 |   5 |  853.0 |
        Temple |    281 |    257 |     24 |      0 |    248 |   1 |  281.0 |
         Sewer |   1365 |   1365 |      0 |      0 |    963 |   1 | 1365.0 |
               +--------+--------+--------+--------+--------+-----+--------+

Top non-repeatable levels by time:
   Sewer: 1365 daAuts
     D:2: 1184 daAuts
     D:4: 1161 daAuts
     D:1: 827 daAuts
     D:3: 823 daAuts
  Temple: 281 daAuts
     D:5: 269 daAuts
